 Dungeon Crawl Stone Soup version 0.30.0-29-ga12c61a403 (webtiles) character file.

Game seed: 16869193066697571550

536 H0rd4k the Charlatan (level 7, 0/78 HPs)
             Began as a Human Artificer on June 19, 2023.
             Was an Initiate of Gozag.
             Killed from afar by an orc wizard (4 damage)
             ... with a magic dart
             ... on level 6 of the Dungeon.
             The game lasted 00:05:48 (4159 turns).

H0rd4k the Charlatan (Human Artificer)              Turns: 4159, Time: 00:05:49

Health: 0/78       AC: 23    Str: 12    XL:     7   Next: 50%
Magic:  7/7        EV:  2    Int: 13    God:    Gozag
Gold:   113        SH:  0    Dex: 14    Spells: 6/6 levels left

rFire   . . .        m - +0 dagger (flame)
rCold   . . .        (no shield)
rNeg    . . .        b - melded +1 leather armour
rPois   +            (helmet currently unavailable)
rElec   .            (cloak currently unavailable)
rCorr   .            (gloves currently unavailable)
SInv    .            w - melded +1 pair of boots of the Dungeon {rC- Will+ rCorr Stlth+}
Will    .....        (no amulet)
Stlth   +            (no ring)
HPRegen 0.33/turn    (no ring)
MPRegen 0.10/turn

%: no passive effects
@: confused, tree-form, weak-willed, attractive, hasted, very quick
A: stationary, stasis, torment immunity, boosted hp, (iridescent scales 1)
a: Renounce Religion, Potion Petition, Call Merchant, Bribe Branch


You were on level 6 of the Dungeon.
You worshipped Gozag.
Gozag was aware of your devotion.
You were a tree.
You visited 2 branches of the dungeon, and saw 7 of its levels.

You collected 320 gold pieces.
You spent 152 gold pieces at shops.
You paid 55 gold pieces to Gozag.

Inventory:

Hand Weapons
 m - a +0 dagger of flaming (weapon)
Missiles
 e - a throwing net
 t - 3 poisoned darts
Armour
 b - a +1 leather armour (melded)
 w - the +1 pair of boots of the Dungeon (melded) {rC- Will+ rCorr Stlth+}
   (You bought it in a shop on level 3 of the Dungeon)

   rC:        It makes you vulnerable to cold.
   rCorr:     It protects you from acid and corrosion.
   Will:      It increases your willpower.
   Stlth:     It makes you more stealthy.
Jewellery
 r - an amulet of guardian spirit
Wands
 c - a wand of flame (16) (quivered)
 u - a wand of roots (8)
Scrolls
 a - 4 scrolls of identify
 g - 4 scrolls of noise
 l - a scroll of torment
 p - 2 scrolls of blinking
 q - a scroll of vulnerability
 v - 2 scrolls of teleportation
Potions
 f - a potion of curing
 h - a potion of lignification
 i - a potion of attraction
 j - 2 potions of mutation


   Skills:
 + Level 3.0 Fighting
 + Level 3.7 Short Blades
 - Level 2.0 Armour
 + Level 3.5 Dodging
 + Level 2.4 Stealth
 + Level 4.6 Evocations


You had 6 spell levels left.
You didn't know any spells.
Your spell library contained the following spells:

 Spells                   Type           Power      Damage    Failure   Level
 Blink                    Tloc           0%         N/A       43%         2
 Lesser Beckoning         Tloc           0%         N/A       43%         2
 Momentum Strike          Conj/Tloc      0%         3d8       43%         2
 Static Discharge         Conj/Air       0%         2-2/arc   43%         2
 Airstrike                Air            0%         2d(0-16)  97%         4
 Summon Lightning Spire   Summ/Air       0%         N/A       97%         4


Dungeon Overview and Level Annotations

Branches:
Dungeon (6/15)             Temple (1/1) D:4

Altars:
Cheibriados
Gozag
Qazlal
Ru
Wu Jian

Shops:
D:1 ?   D:3 [

Annotations:
D:5 Pikel
D:6 Dowan, Duvessa, Prince Ribbit


Innate Abilities, Weirdness & Mutations

You are a tree.
Your roots penetrate the ground, keeping you stationary.
You cannot be teleported.
You are immune to unholy pain and torment.
Your maximum health is greatly increased.
Your equipment is partially melded.
((You are partially covered in iridescent scales. (AC +2)))


Message History

You are too confused!
Unknown command.
You cannot move. (Use ctrl+direction or * direction to attack while stationary and confused.) Unknown command.
Okay, then.
Unknown command.
You cannot move. (Use ctrl+direction or * direction to attack while stationary and confused.)
You cannot move. (Use ctrl+direction or * direction to attack while stationary and confused.)
You cannot move. (Use ctrl+direction or * direction to attack while stationary and confused.) Unknown command.
You miss something. The hound bites you.
* * * LOW HITPOINT WARNING * * *
You miss something.
Prince Ribbit is engulfed in poison gas.
Prince Ribbit looks even sicker.
Prince Ribbit sighs, "It's not easy being green!"
Something hits you but does no damage. x2
The orc priest hits you but does no damage.
The hound bites you but does no damage.
You cannot move. (Use ctrl+direction or * direction to attack while stationary and confused.)
You attack the rock wall.
Prince Ribbit is engulfed in poison gas.
Prince Ribbit looks even sicker.
Something hits you.
* * * LOW HITPOINT WARNING * * *
Something hits you but does no damage. The orc priest completely misses you.
The hound bites you but does no damage.
You hit the orc priest but do no damage.
The orc priest is moderately wounded.
Prince Ribbit is engulfed in poison gas.
Prince Ribbit looks as sick as possible!
You hit the orc priest. You burn the orc priest.
The orc priest is heavily wounded.
The hound bites you but does no damage.
Prince Ribbit is engulfed in poison gas.
Prince Ribbit looks as sick as possible!
You hear some strange, mumbled words.
A magic dart appears from out of thin air!
The magic dart hits you.
You die...
Your body crumbles into a pile of gold.

............#.....#...~≈≈.
.......§§...###☼§§##.###..#.≈~
........§§....○§§§##..##..#..≈
......##.§§.##§○§☼§#☼.##......
......>§§.§###§§§§§§§.#...##..
........§§.§§§○§☼§☼§☼##....#..
......#..#§.Fo§§§§§§§.##..###.
......§§###§#{{§§###..##.## ##
#☼○§§.oh♣o§☼# .#####
#....§§☼§§#####§§☼☼§#
#..#.§☼...# ..§§§ #..
#.§.....# .##.# . #.......# ..
........... ##...........
##.......... $


You could see Prince Ribbit (extremely poisoned, weak-willed), a hound
(weak-willed), 2 orc priests and an orc (weak-willed).

Vanquished Creatures
  A sky beast (D:6)
  A black bear (D:3)
  A scorpion (D:4)
  A gnoll bouda (D:4)
  2 hounds
  An iguana (D:6)
  3 adders
  3 gnolls (D:3)
  An ufetubus (D:4)
  A worm (D:2)
  A dart slug (D:1)
  4 orcs
  7 ball pythons
  3 bats (D:1)
  3 endoplasms (D:4)
  3 giant cockroaches
  5 goblins
  5 hobgoblins
  7 jackals
  8 kobolds
  3 quokkas
  3 frilled lizards
  7 rats
74 creatures vanquished.

Vanquished Creatures (collateral kills)
  An orc wizard (D:6)
  An adder (D:3)
  3 gnolls (D:4)
  An ufetubus (D:5)
  2 orcs (D:6)
8 creatures vanquished.

Vanquished Creatures (others)
  A scorpion (D:6)
  An adder (D:3)
  A jackal (D:1)
3 creatures vanquished.

Grand Total: 85 creatures vanquished

Notes
Turn   | Place    | Note
-------+----------+-------------------------------------------
     0 | D:1      | H0rd4k the Human Artificer began the quest for the Orb.
     0 | D:1      | Reached XP level 1. HP: 15/15 MP: 1/1
    94 | D:1      | Found Wuveevau's Magic Scroll Emporium.
   119 | D:1      | Reached XP level 2. HP: 4/21 MP: 2/2
   439 | D:1      | Reached XP level 3. HP: 17/26 MP: 3/3
  1180 | D:2      | Reached XP level 4. HP: 24/32 MP: 4/4
  1332 | D:2      | Found a faded altar of an unknown god.
  1637 | D:3      | Noticed a black bear
  1647 | D:3      | Found a stormy altar of Qazlal.
  1657 | D:3      | Reached skill level 1 in Short Blades
  1747 | D:3      | Killed a black bear
  1748 | D:3      | Reached skill level 4 in Evocations
  1748 | D:3      | Reached XP level 5. HP: 38/38 MP: 5/5
  2124 | D:3      | Reached XP level 6. HP: 9/44 MP: 6/6
  2294 | D:3      | Found Duck's Antique Armour Emporium.
  2884 | D:4      | Found a staircase to the Ecumenical Temple.
  2914 | Temple   | Entered the Ecumenical Temple
  2918 | Temple   | Became a worshipper of Gozag Ym Sagoz the Greedy
  3665 | D:3      | Bought a pair of ichor-stained boots for 152 gold pieces
  3665 | D:3      | Identified the +1 pair of boots of the Dungeon {rC- Will+
                  | rCorr Stlth+} (You bought it in a shop on level 3 of the
                  | Dungeon)
  3732 | D:5      | Entered Level 5 of the Dungeon
  3826 | D:5      | Reached XP level 7. HP: 51/51 MP: 7/7
  3900 | D:5      | Noticed Pikel
  4013 | D:6      | Noticed Dowan
  4017 | D:6      | Noticed Duvessa
  4132 | D:6      | Gained mutation: You are partially covered in iridescent
                  | scales. (AC +2) [potion of mutation]
  4134 | D:6      | Noticed Prince Ribbit
  4159 | D:6      | Killed from afar by an orc wizard

Illustrated notes

Levels and vault maps discovered:
D:1:      minmay_arrival_up_and_down, layout_loops_ring, serial_shops,
          shop_scrolls
D:2:      layout_loops_cross, ebering_ecumenical_altar_petrified
D:3:      layout_loops_cross, nicolae_qazlal_scattered_showers, serial_shops,
          nicolae_shop_overgrown_old_shop
D:4:      layout_loops_corners, minmay_temple_entry_junction
D:5:      layout_basic, uniq_blork_the_orc, uniq_pikel
D:6:      layout_cave_pools, serial_shops, nicolae_shop_hallway_stairs,
          chequers_serial_rivers_small_a, hellmonk_guarded_unrand_hermit,
          uniq_duvessa, uniq_prince_ribbit1
Temple:   zaba_magenta_temple

Skill      XL: |  1  2  3  4  5  6  7 |
---------------+----------------------+-----
Dodging        | 2 3 |  3.5
Short Blades   | 2 3 |  3.7
Evocations     | 4 |  4.6
Fighting       | 2 3 |  3.0
Stealth        | 2 |  2.4
Armour         | |  2.0

Action                     |  1- 3 |  4- 6 |  7- 9 || total
---------------------------+-------+-------+-------++-------
  Melee: Club              |    66 |       |       ||    66
         Dagger            |    72 |   118 |    61 ||   251
         Punch             |     1 |     2 |       ||     3
  Evoke: Wand              |     4 |    17 |    14 ||    35
    Use: Scroll            |       |       |     7 ||     7
         Potion            |       |       |     6 ||     6
   Stab: Sleeping          |       |     3 |     1 ||     4
 Armour: Leather armour    |    55 |    26 |    11 ||    92
         Skin              |       |       |    72 ||    72
  Dodge: Dodged            |    94 |    69 |    34 ||   197
